 Dungeon Crawl Stone Soup version 0.19.4-10-g532645f (webtiles) character file.

7718 Gargoyl the Protected (level 11, -2/94 HPs)
             Began as a Ghoul Abyssal Knight on Feb 24, 2017.
             Was an Elder of Lugonu.
             Slain by a polar bear (11 damage)
             ... on level 2 of the Lair of Beasts.
             The game lasted 00:22:35 (10674 turns).

Gargoyl the Protected (Ghoul Abyssal Knight)       Turns: 10674, Time: 00:22:36

Health: -2/94      AC: 21    Str: 17    XL:     11   Next: 19%
Magic:  15/16      EV:  5    Int:  7    God:    Lugonu [****..]
Gold:   488        SH:  3    Dex: 11    Spells: 0 memorised, 10 levels left

rFire  . . .     SeeInvis .     r - +1 war axe
rCold  + . .     Gourm    .     d - +0 plate armour
rNeg   + + +     Faith    .     u - +0 buckler
rPois  ∞         Spirit   .     m - +1 helmet
rElec  .         Reflect  .     n - +0 cloak
rCorr  .         Harm     .     t - +2 pair of gloves
MR     .....                    (no boots)
Stlth  ..........               (no amulet)
                                (no ring)
                                (no ring)

@: about to teleport, rotting
A: rotting body, claws 1, carnivore 3, cold resistance 1, negative energy
resistance 3, slow regeneration 1, torment resistance, unbreathing
a: Depart the Abyss, Bend Space, Banish, Corrupt, Renounce Religion


You were on level 2 of the Lair of Beasts.
You worshipped Lugonu.
Lugonu was greatly pleased with you.
You were not hungry.

You visited 2 branches of the dungeon, and saw 10 of its levels.
You visited the Abyss 1 time.

You collected 636 gold pieces.
You spent 148 gold pieces at shops.

Inventory:

Hand Weapons
 a - a +1 hand axe
 r - a +1 war axe (weapon)
Missiles
 l - 10 tomahawks (quivered)
Armour
 d - a +0 plate armour (worn)
 m - a +1 helmet (worn)
 n - a +0 cloak (worn)
 t - a +2 pair of gloves (worn)
 u - a +0 buckler (worn)
Wands
 e - a wand of random effects (30/48)
 p - a wand of iceblast (9/15)
 w - a wand of flame (19/48)
 x - a wand of polymorph (12/24)
 y - a wand of lightning (9/15)
Scrolls
 h - 2 scrolls of teleportation
 i - a scroll of recharging
 k - a scroll of amnesia
 o - 5 scrolls of identify
Potions
 b - 3 potions of lignification
 s - a potion of brilliance
 v - a potion of berserk rage {unknown}
 z - a potion of flight {unknown}
Books
 q - a book of Necromancy

   Spells                             Type                      Level
   a - Pain                           Necromancy                   1
   b - Animate Skeleton               Necromancy                   1
   c - Vampiric Draining              Necromancy                   3
   d - Regeneration                   Charms/Necromancy            3
   e - Animate Dead                   Necromancy                   4
   f - Control Undead                 Necromancy                   4
Comestibles
 c - 3 meat rations
 f - a slice of pizza
 g - a beef jerky
 A - 3 chunks of flesh


   Skills:
 + Level 7.8 Fighting
 + Level 8.7 Axes
 + Level 1.1 Throwing
 * Level 9.3 Armour
 + Level 1.2 Dodging
 + Level 1.4 Shields
 * Level 8.3 Invocations
 + Level 1.0 Evocations


You had 10 spell levels left.
You didn't know any spells.

Dungeon Overview and Level Annotations

Branches:
Dungeon (8/15)             Temple (0/1) D:5            Lair (2/6) D:8
  Swamp: Lair:2-4    Shoals: Lair:2-4     Snake: Lair:2-4    Spider: Lair:2-4

Altars:
Dithmenos
Makhleb
Qazlal
Sif Muna
Uskayaw
Vehumet
Xom
Zin
The Shining One

Shops:
D:7 *

Annotations:
D:8 1 runed door


Innate Abilities, Weirdness & Mutations

Your body is rotting away.
You thrive on raw meat.
You are immune to poison.
You have sharp fingernails.
You are carnivorous and can eat meat at any time.
Your flesh is cold resistant. (rC+)
You are immune to negative energy. (rN+++)
You regenerate slowly when monsters are visible.
You are immune to unholy pain and torment.
You can survive without breathing.


Message History

The polar bear bites you but does no damage.
You block the polar bear's attack. The polar bear barely misses you.
You feel better. The wolf bites you.
* * * LOW HITPOINT WARNING * * *
The wolf bites you.
* * * LOW HITPOINT WARNING * * *
The wolf bites you but does no damage. The polar bear bites you!
* * * LOW HITPOINT WARNING * * *
The polar bear barely misses you. x2; The wolf bites you but does no damage.
The wolf bites you.
* * * LOW HITPOINT WARNING * * *
The wolf bites you but does no damage.
Okay, then.
As you read the scroll of teleportation, it crumbles to dust.
You feel strangely unstable.
The polar bear bites you but does no damage.
The polar bear claws you but does no damage. x2
The wolf bites you but does no damage. The wolf completely misses you.
The wolf bites you but does no damage. The polar bear bites you!
You die...

#.P##.#.#..## .
............# .##
.#####.#P...## ..#
.####P.#..#..## ..#
......P.#<#..#.###..#
..........#.###.....#
....##..#.#.#..hh##
#.P. #.......†hhhh#
#.P.##..###..#.#@h#
#.......#...###....#
..#..(..#..## ##..##
###.###.. ...# #P.
#P.# ##... ##. #..
#### #. ##.


You could see a polar bear (berserk) and 6 wolves.

Vanquished Creatures
  Pikel (D:7)
  A black mamba (Lair:1)
  A spiny frog (Lair:1)
  2 blink frogs (Lair:1)
  Eustachio (D:5)
  3 yaks
  Menkaure (D:5)
  5 porcupines
  2 water moccasins
  An orc warrior (D:8)
  An ice beast (D:7)
  A phantom (D:3)
  A sky beast (D:8)
  A necrophage (D:8)
  6 ogres
  4 centaurs
  4 crocodiles
  A big kobold (D:7)
  9 bullfrogs
  3 scorpions
  4 wights (D:8)
  2 electric eels (D:6)
  A howler monkey (D:5)
  6 crimson imps
  7 hounds
  A jelly (D:8)
  4 orc priests
  3 bullfrog skeletons
  An iguana (D:6)
  Ijyb (D:3)
  8 worker ants
  4 orc wizards
  A hell rat (D:8)
  A killer bee zombie (D:3)
  A hound zombie (D:8)
  A worker ant zombie (D:8)
  3 gnolls (D:4)
  11 adders
  A shadow imp (D:6)
  An adder zombie (D:7)
  An adder skeleton (D:5)
  4 worms
  3 dart slugs
  A leopard gecko (D:3)
  16 orcs
  A ball python (D:3)
  6 giant cockroaches
  9 goblins
  4 hobgoblins
  7 jackals
  9 quokkas
  6 bats
  2 frilled lizards (D:3)
  9 kobolds
  12 rats
201 creatures vanquished.

Vanquished Creatures (others)
  A hydra (Lair:1)
  The ghost of Jovan the Carver, a novice DgGl (D:7)
  A blink frog (D:8)
  The ghost of letownia the Conjurer, an amateur OpWz (D:5)
  4 electric eels (D:6)
  2 fungi (Lair:2)
  2 plants
12 creatures vanquished.

Grand Total: 213 creatures vanquished

Notes
Turn   | Place    | Note
-------+----------+-------------------------------------------
     0 | Abyss:1  | Gargoyl the Ghoul Abyssal Knight began the quest for the Orb.
     0 | Abyss:1  | Reached XP level 1. HP: 19/19 MP: 1/1
   134 | Abyss:3  | Noticed a wretched star
   134 | D:1      | Escaped the Abyss
   274 | D:1      | Reached * piety under Lugonu
   375 | D:1      | Reached XP level 2. HP: 26/26 MP: 2/2
   431 | D:1      | Reached skill level 2 in Armour
   827 | D:2      | Reached XP level 3. HP: 23/33 MP: 3/3
   988 | D:2      | Found a shadowy altar of Dithmenos.
  1480 | D:3      | Reached XP level 4. HP: 38/40 MP: 4/4
  1496 | D:3      | Noticed a phantom
  1594 | D:3      | Killed a phantom
  1594 | D:3      | Reached skill level 3 in Armour
  1594 | D:3      | Reached skill level 1 in Dodging
  1594 | D:3      | Reached XP level 5. HP: 37/47 MP: 4/6
  1631 | D:3      | Reached ** piety under Lugonu
  1840 | D:3      | Reached XP level 6. HP: 18/52 MP: 7/7
  2204 | D:3      | Noticed Ijyb
  2226 | D:3      | Killed Ijyb
  2365 | D:4      | Reached skill level 4 in Armour
  2375 | D:4      | Reached XP level 7. HP: 27/60 MP: 8/8
  2716 | D:4      | Found a radiant altar of Vehumet.
  2948 | D:4      | Found a hide-covered altar of Uskayaw.
  2949 | D:4      | Found a stormy altar of Qazlal.
  2996 | D:4      | Found a deep blue altar of Sif Muna.
  3015 | D:5      | Entered Level 5 of the Dungeon
  3178 | D:5      | Noticed Eustachio
  3245 | D:5      | Killed Eustachio
  3257 | D:5      | Reached *** piety under Lugonu
  3353 | D:5      | Noticed letownia's ghost (amateur OpWz)
  3355 | D:5      | Banished letownia's ghost
  3355 | D:5      | Reached skill level 5 in Axes
  3355 | D:5      | Reached skill level 5 in Armour
  3355 | D:5      | Reached XP level 8. HP: 67/67 MP: 10/10
  3773 | D:5      | Found a glowing silver altar of Zin.
  3829 | D:5      | Reached skill level 5 in Fighting
  3851 | D:5      | Found a staircase to the Ecumenical Temple.
  3936 | D:5      | Noticed Menkaure
  3957 | D:5      | Killed Menkaure
  4829 | D:6      | Reached skill level 5 in Invocations
  4853 | D:6      | Reached skill level 6 in Armour
  5001 | D:6      | Reached XP level 9. HP: 66/75 MP: 11/11
  6544 | D:7      | Reached skill level 7 in Armour
  6568 | D:7      | Noticed Jovan's ghost (novice DgGl)
  6592 | D:7      | Banished Jovan's ghost
  6680 | D:7      | Found a glowing golden altar of the Shining One.
  6707 | D:7      | Noticed Pikel
  6725 | D:7      | Killed Pikel
  6892 | D:7      | Found Fuva's Assorted Antiques.
  6895 | D:7      | Bought a buckler for 148 gold pieces
  6925 | D:7      | Reached XP level 10. HP: 83/83 MP: 14/14
  7525 | D:8      | Reached skill level 8 in Armour
  7666 | D:8      | Found a staircase to the Lair.
  7839 | D:8      | Reached **** piety under Lugonu
  7974 | D:8      | Found a shimmering altar of Xom.
  8000 | D:8      | Noticed a sixfirhy
  8010 | D:8      | Found a runed door.
  8462 | D:8      | Found a burning altar of Makhleb.
  8571 | D:8      | Reached skill level 1 in Throwing
  8653 | Lair:1   | Entered Level 1 of the Lair of Beasts
  8804 | D:8      | Reached skill level 1 in Shields
  9419 | Lair:1   | Noticed a black mamba
  9443 | Lair:1   | Killed a black mamba
  9443 | Lair:1   | Reached skill level 9 in Armour
  9443 | Lair:1   | Reached skill level 1 in Evocations
  9443 | Lair:1   | Reached XP level 11. HP: 31/92 MP: 14/16
 10091 | Lair:1   | Noticed an eight-headed hydra
 10092 | Lair:1   | Banished an eight-headed hydra
 10674 | Lair:2   | Slain by a polar bear

Skill      XL: |  1  2  3  4  5  6  7  8  9 10 |
---------------+-------------------------------+-----
Armour         | 2 3 4 5 6 7 9 |  9.3
Axes           | 2 3 5 6 7 8 |  8.7
Fighting       | 4 5 6 7 |  7.8
Dodging        | 1 |  1.2
Invocations    | 3 4 5 6 8 |  8.3
Throwing       | 1 |  1.1
Shields        | 1 |  1.4
Evocations     | 1 |  1.0

Action                   |  1- 3 |  4- 6 |  7- 9 | 10-12 || total
-------------------------+-------+-------+-------+-------++-------
Melee: Hand axe          |   130 |   218 |       |       ||   348
       War axe           |       |       |   498 |   422 ||   920
Throw: Tomahawk          |       |       |     4 |    10 ||    14
Invok: Depart the Abyss  |     1 |       |       |       ||     1
       Banish            |       |       |     7 |     2 ||     9
       Bend Space        |       |       |       |     1 ||     1
Evoke: Wand              |       |       |     4 |     2 ||     6
  Use: Scroll            |    11 |     1 |     8 |     6 ||    26
       Potion            |       |       |    11 |     4 ||    15
  Eat: Chunk             |    15 |    19 |    54 |    52 ||   140
Armor: Plate armour      |   130 |   226 |   558 |   355 ||  1269
Dodge: Dodged            |    41 |    98 |   171 |   112 ||   422
Block: Buckler           |       |       |     1 |    68 ||    69
